 Dungeon Crawl Stone Soup version 0.24-a0-443-g80245de385 (webtiles) character file.

Game seed: 6930098352801117165

63 Peloso the Shield-Bearer (level 3, -3/33 HPs)
             Began as a Minotaur Fighter on June 21, 2019.
             Slain by Grinder (6 damage)
             ... while paralysed by Grinder
             ... on level 3 of the Dungeon.
             The game lasted 00:03:18 (1425 turns).

Peloso the Shield-Bearer (Minotaur Fighter)         Turns: 1425, Time: 00:03:18

Health: -3/33      AC: 11    Str: 20    XL:     3   Next: 87%
Magic:  2/2        EV:  2    Int:  5    God:
Gold:   135        SH:  0    Dex: 10    Spells: 2/2 levels left

rFire    . . .     SeeInvis .   a - +0 long sword
rCold    . . .     Gourm    .   c - +0 shield
rNeg     . . .     Faith    .   l - +0 plate armour
rPois    .         Spirit   .   (helmet restricted)
rElec    .         Reflect  .   (no cloak)
rCorr    .         Harm     .   (no gloves)
MR       .....                  (no boots)
Stlth    ..........             (no amulet)
HPRegen  0.11/turn              (no ring)
MPRegen  0.08/turn              (no ring)

@: paralysed
A: retaliatory headbutt, horns 2
a: no special abilities


You were on level 3 of the Dungeon.
You were near starving.

You visited 1 branch of the dungeon, and saw 3 of its levels.

You collected 135 gold pieces.

Inventory:

Hand Weapons
 a - a +0 long sword (weapon)
Missiles
 o - 26 bolts
Armour
 b - a +0 scale mail
 c - a +0 shield (worn)
 l - a +0 plate armour (worn)
Scrolls
 e - 2 scrolls of identify {unknown}
 j - 2 scrolls of magic mapping {unknown}
 n - 2 scrolls of teleportation {unknown}
 p - a scroll of remove curse {unknown}
Potions
 d - a potion of might
 g - a potion of magic {unknown}
 h - a potion of mutation {unknown}
 i - a potion of invisibility {unknown}
 k - a potion of curing {unknown}
 m - a potion of flight {unknown}
Comestibles
 f - 4 rations


   Skills:
 + Level 4.1 Fighting
 + Level 3.2 Long Blades
 + Level 4.3 Armour
 + Level 0.1 Stealth
 + Level 4.4 Shields


You had 2 spell levels left.
You didn't know any spells.
Your spell library was empty.

Dungeon Overview and Level Annotations

Branches:
Dungeon (3/15)

Altars:

Annotations:
D:3 Grinder


Innate Abilities, Weirdness & Mutations

You reflexively headbutt those who attack you in melee.
You have a pair of horns on your head.


Message History

Grinder hits you.
You writhe in agony.
You hit Grinder.
Grinder is lightly wounded.
You block Grinder's attack. Grinder hits you but does no damage.
You slash Grinder!
Grinder is moderately wounded.
Grinder gestures at you. Pain shoots through your body!
You hit Grinder.
Grinder is heavily wounded.
Grinder gestures at you.
You suddenly lose the ability to move!
Grinder gestures at you. Pain shoots through your body!
* * * LOW HITPOINT WARNING * * *
Grinder hits you but does no damage. Grinder gestures at you.
You resist with significant effort. Grinder hits you.
You die...

#..............#
#..##....##.##.#
#..#........##.####
#..#.....##...(....
#...........##.####
#........#####.# #
##...###.......# #
#.### ######### #
#@# # #5# # #.# #.#
#.# #.# ... #.#


You could see Grinder.

Vanquished Creatures
  2 adders
  2 worms (D:2)
  3 dart slugs
  A leopard gecko (D:2)
  4 bats
  2 giant cockroaches
  2 goblins
  4 hobgoblins
  4 kobolds (D:2)
  A quokka (D:2)
  A ball python (D:2)
  5 rats
31 creatures vanquished.

Notes
Turn   | Place    | Note
-------+----------+-------------------------------------------
     0 | D:1      | Peloso the Minotaur Fighter began the quest for the Orb.
     0 | D:1      | Reached XP level 1. HP: 19/19 MP: 0/0
    97 | D:1      | Reached XP level 2. HP: 25/27 MP: 1/1
   667 | D:1      | Reached XP level 3. HP: 18/33 MP: 2/2
  1416 | D:3      | Noticed Grinder
  1421 | D:3      | Paralysed by Grinder for 7 turns
  1425 | D:3      | Slain by Grinder

Levels and vault maps discovered:
D:1:      dpeg_arrival_pond, layout_basic
D:2:      layout_rooms, first_ration, serial_bayou_ford_a, minmay_octomino_j4
D:3:      layout_loops_cross, old_standard_altar, uniq_grinder

Skill      XL: |  1  2  3 |
---------------+----------+-----
Fighting       | 4 |  4.1
Shields        | 4 |  4.4
Armour         | 4 |  4.3
Long Blades    | 3 |  3.2
Stealth        | |  0.1

Action                   || total
-------------------------++-------
Melee: Long sword        ||    85
       Headbutt          ||    11
Armor: Scale mail        ||    30
       Plate armour      ||    16
Dodge: Dodged            ||    20
Block: Shield            ||    59
       Rpst.: Long sword ||     4

Table legend:
 A = Non-vault XP
 B = Vault XP
 C = Vault XP percentage of total XP
 D = Non-vault monster count
 E = Vault monster count
 F = Vault count percentage of total count
                 A         B        C        D         E       F
            +---------+---------+-------+---------+---------+-------
      Total |      83 |       7 |   7.8 |      27 |       4 |  12.9
            +---------+---------+-------+---------+---------+-------
        D:1 |      39 |       0 |   0.0 |      14 |       0 |   0.0
        D:2 |      44 |       7 |  13.7 |      13 |       4 |  23.5
            +---------+---------+-------+---------+---------+-------
